Match 46670532
Unlisted

Match 46670532
End
Construct Infanterie Kompanie
Grenadier Squad
GrW 34 Mortar Team
Grenadier Squad
MG 42 Machine Gun Team
Construct Panzergrenadier Kompanie
Panzergrenadier Squad
Pak 40 Anti-tank Gun Team
Medical Station
GrW 34 Mortar Team
Panzergrenadier Squad
Construct Panzer Kompanie
Panzer IV Medium Tank
Stoßtruppen Squad
Pioneer Squad
2StrokeColdSmoke
Tatari◑。
SMAW
Hk
Viljami32
YipYip
0
0

Comments sign in to comment!

No comments posted yet!